Flyers vs Devils

Created - April 10, 2024 at 21:59

Goals
1 2 3 T
Flyers 2 0 0 2
Devils 0 1 0 1
Shots
1 2 3 T
Flyers 15 13 7 35
Devils 3 8 11 22

GoalsPenalties
1st period
1. Flyers , Johnny Gaudreau 2 (Mika Zibanejad 2, Alex Pietrangelo 2) at 2:43 (PP)
2. Flyers , Johnny Gaudreau 3 (Jared McCann 1, Mika Zibanejad 3) at 18:36 (PP)
Ryan Graves (NJD) for Hooking (Minor) at 2:31
Ryan Graves (NJD) for Hooking (Minor) at 7:02
Brian Dumoulin (NJD) for Roughing (Minor) at 13:03
Kyle Okposo (NJD) for Slashing (Minor) at 17:59
2nd period
3. Devils , Chris Kreider 1 (Dougie Hamilton 2, Mikhail Sergachev 2) at 13:38 (PP)
Cole Smith (PHI) for Tripping (Minor) at 12:35
Cole Smith (PHI) for Holding Stick (Minor) at 13:40
3rd period
No Goal
Brian Dumoulin (NJD) for Slashing (Minor) at 9:59
Eetu Luostarinen (PHI) for High sticking (Minor) at 15:47
Goalie Stats
Linus Ullmark (PHI), 21 saves from 22 shots - (0.955), W, 2-1-0, 60:00 minutes
Filip Gustavsson (NJD), 33 saves from 35 shots - (0.943), L, 0-1-0, 59:09 minutes
3 StarsOfficial
1 - Johnny Gaudreau (PHI)
2 - Filip Gustavsson (NJD)
3 - Mika Zibanejad (PHI)
Referees : Jake Brenk and Dave Lewis
Linesman : Derek Nansen and Brian Mach
Game Note
No Game Note
Finance
Level 1 -- Attendance: 6000 (100.00%) -- Ticket Income $672,000
Level 2 -- Attendance: 4986 (99.72%) -- Ticket Income $403,866
Level 3 -- Attendance: 2000 (100.00%) -- Ticket Income $160,000
Level 4 -- Attendance: 3283 (90.57%) -- Ticket Income $49,245
Luxury Box -- Attendance: 1000 (100.00%) -- Ticket Income $195,000
Game was played at the Prudential Center.
Total Attendance: 17269 (97.98%)
Total Ticket Income: $1,480,111
Other Income: $370,028
Total Income: $1,850,139



Team Name Goals Shots Shots Attemp Shots Blocked PIM HIT PP PK FO%
Flyers 23556136222 / 5 (40%)143%
Devils 12265710181 / 3 (33%)257%

Flyers
Player Name POS G A P +/- PIM HIT SHT SB MP PP MP PP SHT PK MP PK SHT FO% FOT
Aaron EkbladD0000013323:263:4822:1400% 0
Alex PietrangeloD0110010425:362:5802:4700% 0
Brandon TanevLW0000035012:060:0002:5800% 0
Calle JarnkrokC0000003011:563:2820:00069% 13
Chris TanevD0000000118:580:0002:1400% 0
Cole SmithLW000041004:480:0000:0000% 1
Dante FabbroD0000010111:380:0000:0000% 0
Eetu LuostarinenC000020209:210:0000:54067% 3
Eric StaalC000000006:580:0001:28029% 7
Erik BrannstromD0000000011:380:0000:0000% 0
Jake DeBruskLW0000031119:573:1600:0000% 1
Jared McCannLW0110044019:593:1800:0000% 1
Johnny GaudreauLW2020015021:043:3020:0000% 0
Mika ZibanejadC0220026125:143:3013:30044% 43
Robert ThomasC0000022121:093:1611:12033% 21
Sam LaffertyC000002104:500:0000:0000% 0
Vince DunnD0000002125:463:4802:4700% 0
William NylanderRW0000011020:322:5800:0000% 0
Devils
Player Name POS G A P +/- PIM HIT SHT SB MP PP MP PP SHT PK MP PK SHT FO% FOT
Alexander WennbergC0000000019:250:0004:14044% 27
Brian DumoulinD0000412019:562:2621:4800% 0
Chris KreiderLW1010033117:232:3520:0000% 1
Conor ShearyLW0000025017:330:0002:22050% 2
Damon SeversonD0000000120:392:2602:2100% 0
Dougie HamiltonD0110014223:042:3503:5200% 0
Erik GustafssonD0000000118:270:0002:4300% 0
Evgeni MalkinC0000010016:442:2600:00071% 24
Kyle OkposoRW0000220015:100:0000:000100% 1
Mathieu JosephRW000000008:200:0004:2400% 2
Matt BoldyLW0000011016:442:2600:0000% 0
Michael McCarronRW000002206:180:0002:22050% 8
Mikhail SergachevD0110030119:122:3500:0000% 0
Nino NiederreiterRW0000011016:442:2610:0000% 0
Ryan GravesD0000400118:380:0002:4800% 0
Sam ReinhartC0000002017:332:3510:10067% 24
Travis KonecnyRW0000012017:232:3500:0000% 1
Trevor LewisC000000003:560:0000:0000% 0



Play-by-Play

1st period


0:01 of 1st period - Mika Zibanejad wins face-off versus Sam Reinhart in neutral zone.
1:05 of 1st period - Chris Tanev is hit by Chris Kreider and loses puck.
1:13 of 1st period - Icing by Chris Tanev.
1:14 of 1st period - Alexander Wennberg wins face-off versus Robert Thomas in Flyers zone.
1:34 of 1st period - Shot by Conor Sheary.
1:34 of 1st period - Shot Blocked by Aaron Ekblad.
1:36 of 1st period - Shot by Conor Sheary.
1:36 of 1st period - Shot Misses the Net.
1:38 of 1st period - Shot by Brian Dumoulin.
1:38 of 1st period - Shot Misses the Net.
1:40 of 1st period - Shot by Conor Sheary.
1:40 of 1st period - Shot Blocked by Robert Thomas.
1:42 of 1st period - Shot by Kyle Okposo.
1:42 of 1st period - Deflect By Alexander Wennberg.
1:42 of 1st period - Shot Misses the Net.
1:52 of 1st period - Shot by Conor Sheary.
1:52 of 1st period - Shot Blocked by Chris Tanev.
1:54 of 1st period - Shot by Kyle Okposo.
1:54 of 1st period - Shot Blocked by Jake DeBrusk.
2:22 of 1st period - Shot by Matt Boldy.
2:22 of 1st period - Shot Misses the Net.
2:31 of 1st period - Minor Penalty to Ryan Graves for Hooking.
2:32 of 1st period - Alexander Wennberg wins face-off versus Mika Zibanejad in Devils zone.
2:43 of 1st period - Shot by Johnny Gaudreau.
2:43 of 1st period - Goal by Johnny Gaudreau - Flyers : 1 - Devils : 0.
2:44 of 1st period - Michael McCarron wins face-off versus Eric Staal in neutral zone.
2:49 of 1st period - Shot by Mathieu Joseph.
2:49 of 1st period - Shot Blocked by Dante Fabbro.
2:55 of 1st period - Shot by Michael McCarron.
2:55 of 1st period - Stopped by Linus Ullmark without a rebound.
2:56 of 1st period - Mika Zibanejad wins face-off versus Evgeni Malkin in Flyers zone.
3:08 of 1st period - Off-side.
3:09 of 1st period - Conor Sheary wins face-off versus Calle Jarnkrok in neutral zone.
3:41 of 1st period - Icing by Ryan Graves.
3:42 of 1st period - Alexander Wennberg wins face-off versus Mika Zibanejad in Devils zone.
3:48 of 1st period - Icing by Ryan Graves.
3:49 of 1st period - Mika Zibanejad wins face-off versus Alexander Wennberg in Devils zone.
3:56 of 1st period - Johnny Gaudreau is hit by Conor Sheary and loses puck.
4:01 of 1st period - Shot by Conor Sheary.
4:01 of 1st period - Shot Blocked by Alex Pietrangelo.
4:03 of 1st period - Shot by Kyle Okposo.
4:03 of 1st period - Shot Misses the Net.
4:05 of 1st period - Shot by Conor Sheary.
4:05 of 1st period - Stopped by Linus Ullmark without a rebound.
4:06 of 1st period - Eric Staal wins face-off versus Evgeni Malkin in Flyers zone.
4:35 of 1st period - Shot by Sam Lafferty.
4:35 of 1st period - Stopped by Filip Gustavsson without a rebound.
4:36 of 1st period - Mika Zibanejad wins face-off versus Michael McCarron in Devils zone.
5:07 of 1st period - Shot by William Nylander.
5:07 of 1st period - Shot Blocked by Mikhail Sergachev.
5:09 of 1st period - Shot by Alex Pietrangelo.
5:09 of 1st period - Deflect By Johnny Gaudreau.
5:09 of 1st period - Stopped by Filip Gustavsson without a rebound.
5:10 of 1st period - Sam Reinhart wins face-off versus Robert Thomas in Devils zone.
5:27 of 1st period - Shot by Robert Thomas.
5:27 of 1st period - Stopped by Filip Gustavsson without a rebound.
5:28 of 1st period - Calle Jarnkrok wins face-off versus Evgeni Malkin in Devils zone.
5:33 of 1st period - Shot by Brandon Tanev.
5:33 of 1st period - Stopped by Filip Gustavsson without a rebound.
5:34 of 1st period - Evgeni Malkin wins face-off versus Mika Zibanejad in Devils zone.
5:48 of 1st period - Icing by Vince Dunn.
5:49 of 1st period - Mika Zibanejad wins face-off versus Sam Reinhart in Flyers zone.
5:55 of 1st period - Vince Dunn is hit by Chris Kreider and loses puck.
7:02 of 1st period - Minor Penalty to Ryan Graves for Hooking.
7:03 of 1st period - Alexander Wennberg wins face-off versus Robert Thomas in Devils zone.
7:30 of 1st period - Shot by Vince Dunn.
7:30 of 1st period - Shot Misses the Net.
7:53 of 1st period - Off-side.
7:54 of 1st period - Mika Zibanejad wins face-off versus Alexander Wennberg in neutral zone.
8:03 of 1st period - Shot by Alex Pietrangelo.
8:03 of 1st period - Shot Misses the Net.
8:05 of 1st period - Shot by Mika Zibanejad.
8:05 of 1st period - Shot Blocked by Damon Severson.
8:25 of 1st period - Brian Dumoulin is hit by Mika Zibanejad and loses puck.
8:46 of 1st period - Shot by Aaron Ekblad.
8:46 of 1st period - Shot Misses the Net.
9:00 of 1st period - Shot by Aaron Ekblad.
9:00 of 1st period - Stopped by Filip Gustavsson without a rebound.
9:01 of 1st period - Mika Zibanejad wins face-off versus Mathieu Joseph in Devils zone.
9:27 of 1st period - Off-side.
9:28 of 1st period - Calle Jarnkrok wins face-off versus Sam Reinhart in neutral zone.
10:12 of 1st period - Icing by Chris Tanev.
10:13 of 1st period - Calle Jarnkrok wins face-off versus Alexander Wennberg in Flyers zone.
10:20 of 1st period - Damon Severson is hit by Brandon Tanev.
10:45 of 1st period - Brandon Tanev is hit by Conor Sheary and loses puck.
11:30 of 1st period - Matt Boldy is hit by Jared McCann.
11:54 of 1st period - Shot by Matt Boldy.
11:54 of 1st period - Shot Blocked by Mika Zibanejad.
11:56 of 1st period - Shot by Mikhail Sergachev.
11:56 of 1st period - Shot Misses the Net.
12:36 of 1st period - Icing by Mika Zibanejad.
12:37 of 1st period - Mika Zibanejad wins face-off versus Michael McCarron in Flyers zone.
12:37 of 1st period - Mika Zibanejad is hit by Michael McCarron.
12:57 of 1st period - Vince Dunn is hit by Brian Dumoulin and loses puck.
13:03 of 1st period - Minor Penalty to Brian Dumoulin for Roughing.
13:04 of 1st period - Robert Thomas wins face-off versus Alexander Wennberg in Devils zone.
13:05 of 1st period - Shot by Calle Jarnkrok.
13:05 of 1st period - Deflect By Robert Thomas.
13:05 of 1st period - Stopped by Filip Gustavsson without a rebound.
13:06 of 1st period - Alexander Wennberg wins face-off versus Robert Thomas in Devils zone.
13:43 of 1st period - Shot by Robert Thomas.
13:43 of 1st period - Shot Blocked by Dougie Hamilton.
14:31 of 1st period - Shot by Mika Zibanejad.
14:31 of 1st period - Shot Blocked by Erik Gustafsson.
14:33 of 1st period - Shot by Mika Zibanejad.
14:33 of 1st period - Stopped by Filip Gustavsson without a rebound.
14:34 of 1st period - Alexander Wennberg wins face-off versus Robert Thomas in Devils zone.
14:53 of 1st period - Shot by William Nylander.
14:53 of 1st period - Shot Misses the Net.
14:55 of 1st period - Shot by Calle Jarnkrok.
14:55 of 1st period - Stopped by Filip Gustavsson without a rebound.
14:56 of 1st period - Alexander Wennberg wins face-off versus Mika Zibanejad in Devils zone.
15:05 of 1st period - Brian Dumoulin is hit by Sam Lafferty and loses puck.
15:09 of 1st period - Icing by Brian Dumoulin.
15:10 of 1st period - Evgeni Malkin wins face-off versus Eric Staal in Devils zone.
15:40 of 1st period - Icing by Erik Gustafsson.
15:41 of 1st period - Evgeni Malkin wins face-off versus Mika Zibanejad in Devils zone.
16:00 of 1st period - Icing by Vince Dunn.
16:01 of 1st period - Alexander Wennberg wins face-off versus Mika Zibanejad in Flyers zone.
16:02 of 1st period - Shot by Mikhail Sergachev.
16:02 of 1st period - Shot Blocked by Alex Pietrangelo.
16:29 of 1st period - Shot by Conor Sheary.
16:29 of 1st period - Stopped by Linus Ullmark without a rebound.
16:30 of 1st period - Sam Reinhart wins face-off versus Robert Thomas in Flyers zone.
17:03 of 1st period - Shot by Robert Thomas.
17:03 of 1st period - Shot Misses the Net.
17:12 of 1st period - Icing by Damon Severson.
17:13 of 1st period - Sam Reinhart wins face-off versus Mika Zibanejad in Devils zone.
17:59 of 1st period - Minor Penalty to Kyle Okposo for Slashing.
18:00 of 1st period - Robert Thomas wins face-off versus Alexander Wennberg in Devils zone.
18:15 of 1st period - Shot by Vince Dunn.
18:15 of 1st period - Shot Misses the Net.
18:17 of 1st period - Shot by Aaron Ekblad.
18:17 of 1st period - Stopped by Filip Gustavsson without a rebound.
18:18 of 1st period - Alexander Wennberg wins face-off versus Mika Zibanejad in Devils zone.
18:34 of 1st period - Shot by Jared McCann.
18:34 of 1st period - Shot Misses the Net.
18:36 of 1st period - Shot by Johnny Gaudreau.
18:36 of 1st period - Goal by Johnny Gaudreau - Flyers : 2 - Devils : 0.
18:37 of 1st period - Calle Jarnkrok wins face-off versus Evgeni Malkin in neutral zone.
18:42 of 1st period - Shot by Brandon Tanev.
18:42 of 1st period - Stopped by Filip Gustavsson with a rebound.
18:44 of 1st period - Shot by Brandon Tanev.
18:44 of 1st period - Stopped by Filip Gustavsson without a rebound.
18:45 of 1st period - Evgeni Malkin wins face-off versus Robert Thomas in Devils zone.
19:10 of 1st period - Shot by Jared McCann.
19:10 of 1st period - Shot Misses the Net.
19:35 of 1st period - Icing by Brian Dumoulin.
19:36 of 1st period - Evgeni Malkin wins face-off versus Mika Zibanejad in Devils zone.
19:47 of 1st period - Icing by Alex Pietrangelo.
19:48 of 1st period - Mika Zibanejad wins face-off versus Alexander Wennberg in Flyers zone.
19:55 of 1st period - Shot by Mika Zibanejad.
19:55 of 1st period - Stopped by Filip Gustavsson with a rebound.
19:57 of 1st period - Shot by Johnny Gaudreau.
19:57 of 1st period - Stopped by Filip Gustavsson without a rebound.
19:58 of 1st period - Sam Reinhart wins face-off versus Calle Jarnkrok in Devils zone.
19:58 of 1st period - Sam Reinhart is hit by Brandon Tanev.
Goals for this period are 2 for Flyers vs 0 for Devils.
Shots for this period are 15 for Flyers vs 3 for Devils.

2nd period


0:01 of 2nd period - Mika Zibanejad wins face-off versus Alexander Wennberg in neutral zone.
0:08 of 2nd period - Shot by William Nylander.
0:08 of 2nd period - Deflect By Johnny Gaudreau.
0:08 of 2nd period - Stopped by Filip Gustavsson without a rebound.
0:09 of 2nd period - Kyle Okposo wins face-off versus Mika Zibanejad in Devils zone.
0:50 of 2nd period - Shot by Mika Zibanejad.
0:50 of 2nd period - Stopped by Filip Gustavsson without a rebound.
0:51 of 2nd period - Robert Thomas wins face-off versus Sam Reinhart in Devils zone.
0:59 of 2nd period - Icing by Sam Reinhart.
1:00 of 2nd period - Sam Reinhart wins face-off versus Robert Thomas in Devils zone.
1:00 of 2nd period - Chris Kreider is hit by Jared McCann and loses puck.
1:25 of 2nd period - Shot by Jared McCann.
1:25 of 2nd period - Stopped by Filip Gustavsson without a rebound.
1:26 of 2nd period - Mika Zibanejad wins face-off versus Alexander Wennberg in Devils zone.
1:26 of 2nd period - Alex Pietrangelo is hit by Mikhail Sergachev and loses puck.
1:33 of 2nd period - Shot by Mika Zibanejad.
1:33 of 2nd period - Stopped by Filip Gustavsson without a rebound.
1:34 of 2nd period - Mika Zibanejad wins face-off versus Alexander Wennberg in Devils zone.
1:47 of 2nd period - Shot by Johnny Gaudreau.
1:47 of 2nd period - Shot Misses the Net.
1:50 of 2nd period - Icing by Conor Sheary.
1:51 of 2nd period - Robert Thomas wins face-off versus Conor Sheary in Devils zone.
1:52 of 2nd period - Shot by Jared McCann.
1:52 of 2nd period - Stopped by Filip Gustavsson with a rebound.
2:00 of 2nd period - Shot by Conor Sheary.
2:00 of 2nd period - Shot Blocked by Aaron Ekblad.
2:02 of 2nd period - Shot by Conor Sheary.
2:02 of 2nd period - Shot Hit the Post.
2:04 of 2nd period - Shot by Alexander Wennberg.
2:04 of 2nd period - Shot Hit the Post.
2:06 of 2nd period - Shot by Brian Dumoulin.
2:06 of 2nd period - Shot Misses the Net.
2:08 of 2nd period - Shot by Conor Sheary.
2:08 of 2nd period - Stopped by Linus Ullmark without a rebound.
2:09 of 2nd period - Sam Reinhart wins face-off versus Mika Zibanejad in Flyers zone.
2:14 of 2nd period - Shot by Chris Kreider.
2:14 of 2nd period - Stopped by Linus Ullmark without a rebound.
2:15 of 2nd period - Evgeni Malkin wins face-off versus Robert Thomas in Flyers zone.
2:43 of 2nd period - Icing by Damon Severson.
2:44 of 2nd period - Mika Zibanejad wins face-off versus Evgeni Malkin in Devils zone.
2:59 of 2nd period - Shot by Matt Boldy.
2:59 of 2nd period - Shot Hit the Post.
3:05 of 2nd period - Nino Niederreiter is hit by Johnny Gaudreau.
3:47 of 2nd period - Shot by Chris Kreider.
3:47 of 2nd period - Shot Blocked by Alex Pietrangelo.
3:49 of 2nd period - Shot by Sam Reinhart.
3:49 of 2nd period - Shot Misses the Net.
3:51 of 2nd period - Shot by Dougie Hamilton.
3:51 of 2nd period - Stopped by Linus Ullmark without a rebound.
3:52 of 2nd period - Calle Jarnkrok wins face-off versus Alexander Wennberg in Flyers zone.
5:08 of 2nd period - Shot by Robert Thomas.
5:08 of 2nd period - Shot Misses the Net.
5:20 of 2nd period - Kyle Okposo is hit by Jared McCann and loses puck.
6:11 of 2nd period - Icing by Mikhail Sergachev.
6:12 of 2nd period - Calle Jarnkrok wins face-off versus Sam Reinhart in Devils zone.
6:37 of 2nd period - Shot by Eetu Luostarinen.
6:37 of 2nd period - Stopped by Filip Gustavsson without a rebound.
6:38 of 2nd period - Evgeni Malkin wins face-off versus Mika Zibanejad in Devils zone.
6:48 of 2nd period - Shot by William Nylander.
6:48 of 2nd period - Shot Misses the Net.
7:00 of 2nd period - Shot by William Nylander.
7:00 of 2nd period - Stopped by Filip Gustavsson without a rebound.
7:01 of 2nd period - Michael McCarron wins face-off versus Robert Thomas in Devils zone.
7:38 of 2nd period - Shot by Mathieu Joseph.
7:38 of 2nd period - Shot Hit the Post.
7:40 of 2nd period - Shot by Michael McCarron.
7:40 of 2nd period - Stopped by Linus Ullmark without a rebound.
7:41 of 2nd period - Evgeni Malkin wins face-off versus Mika Zibanejad in Flyers zone.
8:34 of 2nd period - Icing by Aaron Ekblad.
8:35 of 2nd period - Sam Reinhart wins face-off versus Mika Zibanejad in Flyers zone.
8:36 of 2nd period - Shot by Travis Konecny.
8:36 of 2nd period - Stopped by Linus Ullmark with a rebound.
9:04 of 2nd period - Shot by Jake DeBrusk.
9:04 of 2nd period - Stopped by Filip Gustavsson without a rebound.
9:05 of 2nd period - Eetu Luostarinen wins face-off versus Alexander Wennberg in Devils zone.
9:06 of 2nd period - Shot by Calle Jarnkrok.
9:06 of 2nd period - Stopped by Filip Gustavsson with a rebound.
9:08 of 2nd period - Shot by Brandon Tanev.
9:08 of 2nd period - Stopped by Filip Gustavsson without a rebound.
9:09 of 2nd period - Alexander Wennberg wins face-off versus Calle Jarnkrok in Devils zone.
9:16 of 2nd period - Off-side.
9:17 of 2nd period - Evgeni Malkin wins face-off versus Jake DeBrusk in neutral zone.
10:14 of 2nd period - Mikhail Sergachev is hit by Robert Thomas.
10:42 of 2nd period - Shot by Mika Zibanejad.
10:42 of 2nd period - Shot Blocked by Dougie Hamilton.
10:47 of 2nd period - Johnny Gaudreau is hit by Mikhail Sergachev and loses puck.
10:52 of 2nd period - Shot by Mika Zibanejad.
10:52 of 2nd period - Stopped by Filip Gustavsson with a rebound.
11:01 of 2nd period - Johnny Gaudreau is hit by Mikhail Sergachev and loses puck.
12:31 of 2nd period - Icing by Vince Dunn.
12:32 of 2nd period - Evgeni Malkin wins face-off versus Eric Staal in Flyers zone.
12:32 of 2nd period - Damon Severson is hit by Alex Pietrangelo.
12:35 of 2nd period - Minor Penalty to Cole Smith for Tripping.
12:36 of 2nd period - Mika Zibanejad wins face-off versus Evgeni Malkin in Flyers zone.
12:49 of 2nd period - Shot by Evgeni Malkin.
12:49 of 2nd period - Shot Hit the Post.
13:36 of 2nd period - Shot by Dougie Hamilton.
13:36 of 2nd period - Shot Misses the Net.
13:38 of 2nd period - Shot by Chris Kreider.
13:38 of 2nd period - Goal by Chris Kreider - Flyers : 2 - Devils : 1.
13:39 of 2nd period - Michael McCarron wins face-off versus Cole Smith in neutral zone.
13:39 of 2nd period - Michael McCarron is hit by Sam Lafferty.
13:40 of 2nd period - Minor Penalty to Cole Smith for Holding Stick.
13:41 of 2nd period - Mika Zibanejad wins face-off versus Travis Konecny in Flyers zone.
13:41 of 2nd period - Mika Zibanejad is hit by Chris Kreider.
13:57 of 2nd period - Shot by Mikhail Sergachev.
13:57 of 2nd period - Shot Blocked by Vince Dunn.
14:32 of 2nd period - Icing by Evgeni Malkin.
14:33 of 2nd period - Evgeni Malkin wins face-off versus Mika Zibanejad in Devils zone.
14:46 of 2nd period - Shot by Matt Boldy.
14:46 of 2nd period - Shot Misses the Net.
14:48 of 2nd period - Shot by Nino Niederreiter.
14:48 of 2nd period - Shot Blocked by Aaron Ekblad.
14:50 of 2nd period - Shot by Brian Dumoulin.
14:50 of 2nd period - Stopped by Linus Ullmark without a rebound.
14:51 of 2nd period - Evgeni Malkin wins face-off versus Eetu Luostarinen in Flyers zone.
15:14 of 2nd period - Shot by Evgeni Malkin.
15:14 of 2nd period - Shot Misses the Net.
15:16 of 2nd period - Shot by Brian Dumoulin.
15:16 of 2nd period - Stopped by Linus Ullmark without a rebound.
15:17 of 2nd period - Mika Zibanejad wins face-off versus Sam Reinhart in Flyers zone.
15:56 of 2nd period - Shot by Alexander Wennberg.
15:56 of 2nd period - Shot Misses the Net.
16:32 of 2nd period - Mikhail Sergachev is hit by Jake DeBrusk and loses puck.
17:16 of 2nd period - Mikhail Sergachev is hit by Jake DeBrusk and loses puck.
17:54 of 2nd period - Shot by Mika Zibanejad.
17:54 of 2nd period - Stopped by Filip Gustavsson without a rebound.
17:55 of 2nd period - Sam Reinhart wins face-off versus Calle Jarnkrok in Devils zone.
18:11 of 2nd period - Aaron Ekblad is hit by Travis Konecny.
18:59 of 2nd period - Shot by Vince Dunn.
18:59 of 2nd period - Stopped by Filip Gustavsson with a rebound.
19:52 of 2nd period - Vince Dunn is hit by Kyle Okposo and loses puck.
Goals for this period are 0 for Flyers vs 1 for Devils.
Shots for this period are 13 for Flyers vs 8 for Devils.

3rd period


0:01 of 3rd period - Sam Reinhart wins face-off versus Mika Zibanejad in neutral zone.
0:01 of 3rd period - Erik Gustafsson is hit by William Nylander and loses puck.
0:15 of 3rd period - Off-side.
0:16 of 3rd period - Evgeni Malkin wins face-off versus Jared McCann in neutral zone.
0:19 of 3rd period - Jake DeBrusk is hit by Nino Niederreiter.
0:24 of 3rd period - Icing by Aaron Ekblad.
0:25 of 3rd period - Robert Thomas wins face-off versus Sam Reinhart in Flyers zone.
0:27 of 3rd period - Icing by Aaron Ekblad.
0:28 of 3rd period - Robert Thomas wins face-off versus Chris Kreider in Flyers zone.
0:41 of 3rd period - Shot by Robert Thomas.
0:41 of 3rd period - Shot Blocked by Chris Kreider.
0:49 of 3rd period - Erik Gustafsson is hit by Jake DeBrusk and loses puck.
1:04 of 3rd period - Shot by Sam Reinhart.
1:04 of 3rd period - Shot Misses the Net.
1:06 of 3rd period - Shot by Sam Reinhart.
1:06 of 3rd period - Shot Misses the Net.
2:23 of 3rd period - Alex Pietrangelo is hit by Evgeni Malkin and loses puck.
2:36 of 3rd period - Shot by Dougie Hamilton.
2:36 of 3rd period - Stopped by Linus Ullmark without a rebound.
2:37 of 3rd period - Calle Jarnkrok wins face-off versus Michael McCarron in Flyers zone.
2:37 of 3rd period - Calle Jarnkrok is hit by Michael McCarron.
2:48 of 3rd period - Off-side.
2:49 of 3rd period - Sam Reinhart wins face-off versus Mika Zibanejad in neutral zone.
2:54 of 3rd period - Shot by Travis Konecny.
2:54 of 3rd period - Stopped by Linus Ullmark without a rebound.
2:55 of 3rd period - Mika Zibanejad wins face-off versus Evgeni Malkin in Flyers zone.
2:55 of 3rd period - Mika Zibanejad is hit by Matt Boldy.
4:15 of 3rd period - Chris Kreider is hit by Brandon Tanev.
5:31 of 3rd period - Icing by Chris Tanev.
5:32 of 3rd period - Evgeni Malkin wins face-off versus Eric Staal in Flyers zone.
6:32 of 3rd period - Evgeni Malkin is hit by Mika Zibanejad and loses puck.
6:37 of 3rd period - Shot by Mika Zibanejad.
6:37 of 3rd period - Shot Blocked by Ryan Graves.
6:39 of 3rd period - Shot by Vince Dunn.
6:39 of 3rd period - Stopped by Filip Gustavsson without a rebound.
6:40 of 3rd period - Sam Reinhart wins face-off versus Robert Thomas in Devils zone.
6:40 of 3rd period - Sam Reinhart is hit by Jared McCann.
6:52 of 3rd period - Dougie Hamilton is hit by Dante Fabbro and loses puck.
7:01 of 3rd period - Shot by Sam Reinhart.
7:01 of 3rd period - Shot Misses the Net.
7:03 of 3rd period - Shot by Sam Reinhart.
7:03 of 3rd period - Shot Misses the Net.
8:15 of 3rd period - Shot by Conor Sheary.
8:15 of 3rd period - Stopped by Linus Ullmark without a rebound.
8:16 of 3rd period - Michael McCarron wins face-off versus Mika Zibanejad in Flyers zone.
9:56 of 3rd period - Shot by Jared McCann.
9:56 of 3rd period - Stopped by Filip Gustavsson with a rebound.
9:59 of 3rd period - Minor Penalty to Brian Dumoulin for Slashing.
10:00 of 3rd period - Robert Thomas wins face-off versus Alexander Wennberg in Devils zone.
10:10 of 3rd period - Icing by Alex Pietrangelo.
10:11 of 3rd period - Alexander Wennberg wins face-off versus Robert Thomas in Flyers zone.
10:14 of 3rd period - Shot by Alexander Wennberg.
10:14 of 3rd period - Deflect By Mathieu Joseph.
10:14 of 3rd period - Shot Misses the Net.
10:22 of 3rd period - Calle Jarnkrok is hit by Dougie Hamilton.
10:30 of 3rd period - Shot by Calle Jarnkrok.
10:30 of 3rd period - Stopped by Filip Gustavsson without a rebound.
10:31 of 3rd period - Sam Reinhart wins face-off versus Mika Zibanejad in Devils zone.
11:45 of 3rd period - Icing by Vince Dunn.
11:46 of 3rd period - Mika Zibanejad wins face-off versus Mathieu Joseph in Flyers zone.
12:57 of 3rd period - Shot by Dougie Hamilton.
12:57 of 3rd period - Stopped by Linus Ullmark without a rebound.
12:58 of 3rd period - Eetu Luostarinen wins face-off versus Sam Reinhart in Flyers zone.
13:25 of 3rd period - Shot by Eetu Luostarinen.
13:25 of 3rd period - Stopped by Filip Gustavsson without a rebound.
13:26 of 3rd period - Alexander Wennberg wins face-off versus Robert Thomas in Devils zone.
13:38 of 3rd period - Shot by Conor Sheary.
13:38 of 3rd period - Shot Misses the Net.
14:01 of 3rd period - Icing by Aaron Ekblad.
14:02 of 3rd period - Sam Reinhart wins face-off versus Robert Thomas in Flyers zone.
14:05 of 3rd period - Shot by Sam Reinhart.
14:05 of 3rd period - Shot Hit the Post.
14:43 of 3rd period - Shot by William Nylander.
14:43 of 3rd period - Shot Misses the Net.
14:54 of 3rd period - Icing by Alex Pietrangelo.
14:55 of 3rd period - Evgeni Malkin wins face-off versus Mika Zibanejad in Flyers zone.
15:00 of 3rd period - Shot by Evgeni Malkin.
15:00 of 3rd period - Shot Misses the Net.
15:26 of 3rd period - Shot by Matt Boldy.
15:26 of 3rd period - Shot Misses the Net.
15:28 of 3rd period - Shot by Dougie Hamilton.
15:28 of 3rd period - Stopped by Linus Ullmark without a rebound.
15:29 of 3rd period - Calle Jarnkrok wins face-off versus Alexander Wennberg in Flyers zone.
15:36 of 3rd period - Shot by Brandon Tanev.
15:36 of 3rd period - Stopped by Filip Gustavsson without a rebound.
15:37 of 3rd period - Calle Jarnkrok wins face-off versus Alexander Wennberg in Devils zone.
15:47 of 3rd period - Minor Penalty to Eetu Luostarinen for High sticking.
15:48 of 3rd period - Sam Reinhart wins face-off versus Mika Zibanejad in Flyers zone.
15:55 of 3rd period - Shot by Chris Kreider.
15:55 of 3rd period - Shot Misses the Net.
15:57 of 3rd period - Shot by Sam Reinhart.
15:57 of 3rd period - Stopped by Linus Ullmark with a rebound.
16:03 of 3rd period - Shot by Chris Kreider.
16:03 of 3rd period - Shot Misses the Net.
16:23 of 3rd period - Shot by Travis Konecny.
16:23 of 3rd period - Shot Misses the Net.
16:25 of 3rd period - Shot by Chris Kreider.
16:25 of 3rd period - Stopped by Linus Ullmark without a rebound.
16:26 of 3rd period - Evgeni Malkin wins face-off versus Mika Zibanejad in Flyers zone.
16:43 of 3rd period - Shot by Nino Niederreiter.
16:43 of 3rd period - Stopped by Linus Ullmark with a rebound.
17:11 of 3rd period - Shot by Brian Dumoulin.
17:11 of 3rd period - Shot Misses the Net.
18:17 of 3rd period - Kyle Okposo is hit by Robert Thomas and loses puck.
18:22 of 3rd period - Shot by Jared McCann.
18:22 of 3rd period - Stopped by Filip Gustavsson without a rebound.
18:23 of 3rd period - Eric Staal wins face-off versus Michael McCarron in Devils zone.
18:24 of 3rd period - Shot by Aaron Ekblad.
18:24 of 3rd period - Stopped by Filip Gustavsson without a rebound.
18:25 of 3rd period - Evgeni Malkin wins face-off versus Eric Staal in Devils zone.
18:25 of 3rd period - Evgeni Malkin is hit by Cole Smith.
18:42 of 3rd period - Evgeni Malkin is hit by Aaron Ekblad and loses puck.
18:45 of 3rd period - Shot by Matt Boldy.
18:45 of 3rd period - Stopped by Linus Ullmark without a rebound.
18:46 of 3rd period - Mika Zibanejad wins face-off versus Alexander Wennberg in Flyers zone.
18:46 of 3rd period - Mika Zibanejad is hit by Kyle Okposo.
19:09 of 3rd period - Devils, Filip Gustavsson is pulled from the net.
19:11 of 3rd period - Shot by Kyle Okposo.
19:11 of 3rd period - Shot Blocked by Alex Pietrangelo.
19:19 of 3rd period - Shot by Conor Sheary.
19:19 of 3rd period - Stopped by Linus Ullmark without a rebound.
19:20 of 3rd period - Sam Reinhart wins face-off versus Mika Zibanejad in Flyers zone.
19:25 of 3rd period - Shot by Chris Kreider.
19:25 of 3rd period - Deflect By Sam Reinhart.
19:25 of 3rd period - Stopped by Linus Ullmark without a rebound.
19:26 of 3rd period - Sam Reinhart wins face-off versus Mika Zibanejad in Flyers zone.
19:45 of 3rd period - Shot by Mika Zibanejad.
19:45 of 3rd period - Shot Misses the Net.
19:53 of 3rd period - Shot by Brandon Tanev.
19:53 of 3rd period - Shot Misses the Net.
Goals for this period are 0 for Flyers vs 0 for Devils.
Shots for this period are 7 for Flyers vs 11 for Devils.